 Dungeon Crawl Stone Soup version 0.30-a0-1085-g990a428a5c (webtiles) character file.

Game seed: 8004657456475596012

100 CornPuffBuddha the Shooter (level 4, -16/37 HPs)
             Began as a Minotaur Hunter on Apr 16, 2023.
             Engulfed by a cloud of flame (24 damage)
             ... on level 3 of the Dungeon.
             The game lasted 00:04:29 (1898 turns).

CornPuffBuddha the Shooter (Minotaur Hunter)        Turns: 1898, Time: 00:04:30

Health: -16/37     AC:  4    Str: 15    XL:     4   Next: 46%
Magic:  3/3        EV: 12    Int:  6    God:
Gold:   107        SH:  0    Dex: 19    Spells: 3/3 levels left

rFire   . . .      SeeInvis .    a - +0 shortbow
rCold   . . .      Faith    .    (shield currently unavailable)
rNeg    . . .      Spirit   .    c - +0 leather armour
rPois   +          Reflect  .    (helmet restricted)
rElec   .          Rampage  .    (no cloak)
rCorr   .                        (no gloves)
Will    .....                    m - +0 pair of boots "Nomari" {rPois Regen+ Dex+3}
Stlth   ++                       (no amulet)
HPRegen 1.06/turn                e - ring of poison resistance
MPRegen 0.08/turn                (no ring)

@: no status effects
A: horns 2, retaliatory headbutt
a: no special abilities


You were on level 3 of the Dungeon.
You visited 1 branch of the dungeon, and saw 3 of its levels.

You collected 107 gold pieces.

Inventory:

Hand Weapons
 a - a +0 shortbow (weapon)
 s - the +5 dagger of the Dead {distort, Will+ Int+3}
   (You found it on level 3 of the Dungeon)

   Int:       It affects your intelligence (+3).
   Will:      It increases your willpower.
Missiles
 n - 3 javelins
Armour
 c - a +0 leather armour (worn)
 i - a scarf of shadows
 m - the +0 pair of boots "Nomari" (worn) {rPois Regen+ Dex+3}
   (You found it on level 2 of the Dungeon)

   Dex:       It affects your dexterity (+3).
   rPois:     It protects you from poison.
   Regen:     It increases your rate of health regeneration.
 o - an orb of energy
Jewellery
 e - a ring of poison resistance (left hand)
 w - a ring of protection from fire
Wands
 v - a wand of polymorph (9)
Scrolls
 b - a scroll of immolation
 f - 2 scrolls of fear {unknown}
 g - 3 scrolls of magic mapping {unknown}
 h - a scroll of enchant weapon {unknown}
 q - a scroll of noise {unknown}
 r - 2 scrolls of identify {unknown}
 t - a scroll of teleportation {unknown}
Potions
 d - 2 potions of might {unknown}
 j - 4 potions of curing {unknown}
 k - a potion of haste {unknown}
 l - 4 potions of degeneration {unknown}
 p - a potion of ambrosia {unknown}
 u - a potion of brilliance {unknown}


   Skills:
 - Level 2.4 Fighting
 + Level 6.5 Ranged Weapons
 - Level 2.1 Dodging
 - Level 0.7 Stealth


You had 3 spell levels left.
You didn't know any spells.
Your spell library contained the following spells:

 Spells                   Type           Power      Damage    Failure   Level
 Chain Lightning          Conj/Air       0%         N/A       100%        9
 Fire Storm               Conj/Fire      0%         5d1       100%        9
 Shatter                  Erth           0%         3d5*      100%        9


Dungeon Overview and Level Annotations

Branches:
Dungeon (3/15)

Altars:


Innate Abilities, Weirdness & Mutations

You have a pair of horns on your head.
You reflexively headbutt those who attack you in melee.


Message History

Found a stone staircase leading up.
There is a stone staircase leading up here.
Found a stone staircase leading down.
v - a wand of polymorph (9)
w - a ring of protection from fire
Found a club.
Found a chain mail.
You open the door.
An ogre and 8 goblins come into view.
A goblin is wielding a +1 dagger of venom.
Found 7 large rocks.
Really read the scroll of immolation?
Okay, then.
Really read the scroll of immolation?
As you read the scroll of immolation, it crumbles to dust.
The creatures around you are filled with an inner flame!
The goblin shouts! x8
Fire: a) +0 shortbow
Press: ? - help, Q - select action, (/) - cycle Shift-Dir - straight line, f - goblin
Aim: a goblin, wielding a +0 club (inner flame, 59% to hit)
You shoot an arrow. The arrow hits the goblin!
The goblin explodes!
The fiery explosion engulfs the goblin!!!
The fiery explosion engulfs the goblin!!
The fiery explosion engulfs the goblin!!!
The fiery explosion engulfs you!!
Ouch! That really hurt!
* * * LOW HITPOINT WARNING * * *
The goblin explodes!
The fiery explosion engulfs the goblin!!
The fiery explosion engulfs the ogre!!
Flame seeps out of the ogre.
The ogre is almost dead.
The fiery explosion engulfs the goblin!
The goblin explodes!
The fiery explosion engulfs the goblin!! x2
The fiery explosion engulfs the ogre.
The ogre explodes!
The goblin explodes! x5
You are engulfed in blazing flames.
Ouch! That really hurt!
You die...

..##................##
#...#..
..#.##.#####.#.#.#...##
##.#.#.# .#.###.#
#.##..[....####..#...#
...# #.#
#.###.........##.#.#..
...# #.# #.#
##........##...##[ .#.#
#.# #.#
##......)##.#.... ...
... ###
##.#.....).##.## .##
###
#§§§###........#......
..
#§§§§@#........##.###.
#§§§#§..........### ##
### #####....##(. ..
#....##### ## #....#
#.#.## #.#.# ### #.#.#
..# #.#.# ###.#


There were no monsters in sight!

Vanquished Creatures
  An ogre (D:3)
  Jessica (D:2)
  3 dart slugs
  3 orcs (D:3)
  4 bats
  5 endoplasms
  3 giant cockroaches
  14 goblins
  8 hobgoblins
  3 jackals (D:2)
  A kobold (D:3)
  5 quokkas
  4 ball pythons
  5 frilled lizards
  6 rats
66 creatures vanquished.

Notes
Turn   | Place    | Note
-------+----------+-------------------------------------------
     0 | D:1      | CornPuffBuddha the Minotaur Hunter began the quest for the
                  | Orb.
     0 | D:1      | Reached XP level 1. HP: 18/18 MP: 0/0
   140 | D:1      | Reached XP level 2. HP: 25/25 MP: 1/1
   179 | D:1      | Reached skill level 5 in Ranged Weapons
   693 | D:1      | Reached XP level 3. HP: 30/30 MP: 2/2
   799 | D:2      | Identified the +0 pair of boots "Nomari" {rPois Regen+
                  | Dex+3}
   942 | D:2      | Noticed Jessica
   944 | D:2      | Killed Jessica
   945 | D:2      | Reached skill level 6 in Ranged Weapons
   945 | D:2      | Reached XP level 4. HP: 37/37 MP: 3/3
  1602 | D:3      | Identified the +5 dagger of the Dead {distort, Will+ Int+3}
  1896 | D:3      | Noticed an ogre
  1898 | D:3      | Killed an ogre
  1898 | D:3      | Engulfed by a cloud of flame

Illustrated notes

Levels and vault maps discovered:
D:1:      lightli_arrival_statue_moat, layout_loops_cross,
          chequers_serial_rivers_micro_a
D:2:      layout_loops_ring, eino_tiny_chamber, patterned_corridor, uniq_jessica
D:3:      layout_loops_ring, shapermc_ecumenical_altar_acropolis,
          nicolae_concentric_dashed_squares_wild, minmay_ogre_servants

Skill      XL: |  1  2  3 |
---------------+----------+-----
Ranged Weapons | 5 6 |  6.5
Fighting       | |  2.4
Dodging        | |  2.1
Stealth        | |  0.7

Action                     |  1- 3 |  4- 6 || total
---------------------------+-------+-------++-------
   Fire: Shortbow          |    93 |    44 ||   137
    Use: Scroll            |       |     1 ||     1
 Armour: Leather armour    |     5 |     3 ||     8
  Dodge: Dodged            |    21 |     2 ||    23

Table legend: (Time is in decaauts)
 A = Elapsed time spent in this place.
 B = Non-inter-level travel time spent in this place.
 C = Inter-level travel time spent in this place.
 D = Time resting spent in this place.
 E = Time spent auto-exploring this place.
 F = Levels seen in this place.
 G = Mean time per level.
                   A        B        C        D        E       F      G
               +--------+--------+--------+--------+--------+-----+--------+
         Total |   1933 |   1873 |     60 |     12 |   1525 |   3 |  644.3 |
       Dungeon |   1933 |   1873 |     60 |     12 |   1525 |   3 |  644.3 |
               +--------+--------+--------+--------+--------+-----+--------+

Top non-repeatable levels by time:
     D:2: 775 daAuts
     D:1: 741 daAuts
     D:3: 415 daAuts
